 Dungeon Crawl Stone Soup version 0.27-a0-1185-ga233589e6f (webtiles) character file.

Game seed: 8775730551505810530

68 Ijustatesigmund the Chopper (level 4, 0/41 HPs)
             Began as a Hill Orc Fighter on May 19, 2021.
             Splashed by Ijyb's acid (12 damage)
             ... on level 3 of the Dungeon.
             The game lasted 00:01:59 (2073 turns).

Ijustatesigmund the Chopper (Hill Orc Fighter)      Turns: 2073, Time: 00:01:59

Health: 0/41       AC:  5    Str: 18    XL:     4   Next: 19%
Magic:  4/4        EV:  7    Int:  8    God:
Gold:   134        SH:  9    Dex: 11    Spells: 3/3 levels left

rFire    . . .     SeeInvis .   a - +0 war axe
rCold    . . .     Faith    .   c - +0 kite shield
rNeg     . . .     Spirit   .   b - +0 scale mail
rPois    .         Reflect  .   (no helmet)
rElec    .         Harm     .   f - +0 cloak
rCorr    .         Rampage  .   (no gloves)
Will     .....                  h - +0 pair of boots
Stlth    ..........             (no amulet)
HPRegen  0.13/turn              (no ring)
MPRegen  0.09/turn              (no ring)

@: corroded
A: no striking features
a: no special abilities


You were on level 3 of the Dungeon.
You visited 1 branch of the dungeon, and saw 3 of its levels.

You collected 134 gold pieces.

Inventory:

Hand Weapons
 a - a +0 war axe (weapon)
Missiles
 l - 5 datura-tipped darts (quivered)
Armour
 b - a +0 scale mail (worn)
 c - a +0 kite shield (worn)
 f - a +0 cloak (worn)
 h - a +0 pair of boots (worn)
Wands
 i - a wand of iceblast (11)
Potions
 d - a potion of might
 e - 2 potions of attraction {unknown}
 g - 2 potions of degeneration {unknown}
 j - a potion of magic {unknown}
 k - 2 potions of cancellation {unknown}
 m - a potion of curing {unknown}
 n - a potion of lignification {unknown}


   Skills:
 + Level 4.4 Fighting
 * Level 5.0 Axes
 - Level 3.2 Armour
 - Level 3.2 Shields


You had 3 spell levels left.
You didn't know any spells.
Your spell library was empty.

Dungeon Overview and Level Annotations

Branches:
Dungeon (3/15)

Altars:

Annotations:
D:3 Ijyb


Message History

No target in view!
No target in view!
No target in view!
No target in view!
No target in view!
You see here a +0 club.
Ijyb the Twisted Goblin comes into view.
She is wielding a +0 club and carrying a wand of acid (4).
Ijyb shouts!
Ijyb zaps a wand.
The bolt of acid misses you.
You slash Ijyb!
Ijyb is heavily wounded.
Ijyb hits you with a +0 club. You block Ijyb's attack.
You closely miss Ijyb.
Ijyb is heavily wounded.
Ijyb zaps a wand.
The bolt of acid hits you.
You are splashed with acid!
You are too injured to fight recklessly!
You are too injured to fight recklessly!
You are too injured to fight recklessly!
You are too injured to fight recklessly!
You are too injured to fight recklessly!
You are too injured to fight recklessly!
You are too injured to fight recklessly!
You are too injured to fight recklessly!
You are too injured to fight recklessly!
You are too injured to fight recklessly!
You are too injured to fight recklessly!
You are too injured to fight recklessly!
You are too injured to fight recklessly!
You are too injured to fight recklessly!
You are too injured to fight recklessly!
You are too injured to fight recklessly!
You are too injured to fight recklessly!
You are too injured to fight recklessly!
You are too injured to fight recklessly!
You closely miss Ijyb.
Ijyb is heavily wounded.
You block Ijyb's attack.
Ijyb zaps a wand.
The bolt of acid hits you!
* * * LOW HITPOINT WARNING * * *
The acid corrodes you!
You are splashed with acid!
You die...

########## #........#
###.##.###.#############
#......###......@g......
#.#.##.....############.
#.#.##...........
).........#######
#.#.##.#..# #.#.##.#..#
#.#....#..# #.#.####..#
... #..#


You could see Ijyb.

Vanquished Creatures
  3 adders
  5 ball pythons
  2 endoplasms (D:2)
  A giant cockroach (D:1)
  8 goblins
  3 hobgoblins (D:2)
  2 jackals (D:2)
  A quokka (D:1)
  7 bats
  A frilled lizard (D:1)
  A kobold (D:2)
  3 rats
37 creatures vanquished.

Notes
Turn   | Place    | Note
-------+----------+-------------------------------------------
     0 | D:1      | Ijustatesigmund the Hill Orc Fighter began the quest for
                  | the Orb.
     0 | D:1      | Reached XP level 1. HP: 19/19 MP: 1/1
   134 | D:1      | Reached skill level 3 in Axes
   442 | D:1      | Reached XP level 2. HP: 16/27 MP: 2/2
  1141 | D:2      | Reached skill level 4 in Axes
  1141 | D:2      | Reached XP level 3. HP: 32/33 MP: 3/3
  1981 | D:3      | Reached XP level 4. HP: 38/41 MP: 4/4
  1984 | D:3      | Reached skill level 5 in Axes
  2067 | D:3      | Noticed Ijyb
  2073 | D:3      | Splashed by Ijyb's acid

Illustrated notes

Levels and vault maps discovered:
D:1:      scummos_arrival_simple_fountains, layout_basic
D:2:      wad_crossroads, layout_loops_ring, minmay_pentomino_r2
D:3:      layout_loops_ring, marbit_many_paths, uniq_ijyb

Skill      XL: |  1  2  3  4 |
---------------+-------------+-----
Axes           | 3 4 5 |  5.0
Fighting       | 4 |  4.4
Armour         | |  3.2
Shields        | |  3.2

Action                   |  1- 3 |  4- 6 || total
-------------------------+-------+-------++-------
Melee: War axe           |   100 |     6 ||   106
Armor: Scale mail        |    63 |     1 ||    64
Dodge: Dodged            |    30 |     1 ||    31
Block: Kite shield       |    63 |     3 ||    66

Table legend: (Time is in decaauts)
 A = Elapsed time spent in this place.
 B = Non-inter-level travel time spent in this place.
 C = Inter-level travel time spent in this place.
 D = Time resting spent in this place.
 E = Time spent auto-exploring this place.
 F = Levels seen in this place.
 G = Mean time per level.
                   A        B        C        D        E       F      G
               +--------+--------+--------+--------+--------+-----+--------+
         Total |   2130 |   2112 |     18 |    122 |   1694 |   3 |  710.0 |
       Dungeon |   2130 |   2112 |     18 |    122 |   1694 |   3 |  710.0 |
               +--------+--------+--------+--------+--------+-----+--------+

Top non-repeatable levels by time:
     D:1: 1146 daAuts
     D:2: 884 daAuts
     D:3: 99 daAuts
